Map: Invader LE

Players

nick

  • Race: Zerg Zerg
  • League: Bronze
  • Spawn Location: 7:00

Fropez - Winner!

  • Race: Protoss Protoss
  • League: Silver
  • Spawn Location: 11:00

VOD

Have the link to the VOD?

Description

Time

  • Played on: May 17, 2016, 2:46 p.m.
  • Length: 13:46
Show
View Real Time Build Order
Export as new Build Order

nick Zerg 

Build Orders: Pool First 

Get SALT Encoding   

  12  0:03  Drone  
  13  0:10  Drone  
  14  0:19  Overlord  
  14  0:35  Spawning Pool  
  14  0:39  Drone  
  14  0:42  Drone  
  15  0:48  Drone  
  16  1:17  Hatchery  
  15  1:24  Extractor, Zergling x2  
  15  1:25  Zergling x4  
  17  1:34  Queen  
  17  1:38  Drone  
  20  2:07  Extractor, Drone x2  
  21  2:16  Overlord  
  21  2:28  Queen  
  21  2:29  Drone x2  
  25  2:35  Drone  
  23  3:05  Drone x5  
  26  3:06  Roach Warren, Drone x2  
  29  3:20  Drone x3  
  32  3:34  Extractor  
  32  3:36  Lair  
  31  3:44  Evolution Chamber  
  30  3:48  Evolution Chamber  
  30  3:53  Roach x3  
  35  3:57  Overlord  
  35  4:00  Drone  
  36  4:11  Zerg Missile Weapons Level 1  
  36  4:16  Zerg Ground Armor Level 1  
  36  4:29  Roach  
  36  4:30  Roach x2  
  42  4:37  Drone  
  42  4:38  Drone  
  44  4:42  Overlord  
  44  4:47  Overlord  
  44  5:11  Overlord x2  
  44  5:13  Roach x3  
  50  5:21  Glial Reconstitution  
  50  5:27  Drone x2  
  52  5:29  Overlord  
  52  5:32  Drone  
  52  5:34  Drone  
  54  5:37  Drone  
  55  6:13  Drone x2  
  55  6:14  Drone x2  
  55  6:15  Drone  
  55  6:17  Overlord x2  
  56  6:45  Roach x2  
  56  6:46  Roach x8  
  56  6:47  Roach x2  
  80  7:14  Roach x4  
  80  7:15  Roach x2  
  92  7:26  Hydralisk Den  
  91  7:37  Overlord x2  
  91  7:38  Overlord  
  91  7:48  Hatchery  
  91  7:49  Queen  
  92  7:52  Zerg Missile Weapons Level 2  
  92  7:54  Zerg Ground Armor Level 2  
  92  8:08  Roach  
  92  8:09  Roach x7  
  92  8:10  Roach  
  110  8:24  Infestation Pit  
  85  8:59  Overseer  
  85  9:03  Hydralisk x4  
  85  9:04  Hydralisk x3  
  99  9:10  Drone  
  100  9:27  Hydralisk x5  
  100  9:28  Hydralisk  
  112  9:36  Roach x2  
  116  9:47  Hive  
  116  10:01  Drone x5  
  121  10:09  Extractor  
  121  10:14  Roach  
  122  10:17  Overlord x2  
  122  10:18  Overlord x2  
  86  11:06  Roach x5  
  86  11:07  Roach x7  
  86  11:08  Hydralisk x3, Roach x4  
  86  11:09  Hydralisk x4  
  128  11:42  Queen  
  130  11:58  Hydralisk x2, Roach x6  
  130  12:00  Overlord  
  130  12:01  Overlord x3  
  68  12:59  Roach x6  
  68  13:00  Hydralisk x6, Roach x3  
  98  13:15  Roach x3  
  104  13:32  Spire  
Show
View Real Time Build Order
Export as new Build Order

Fropez Protoss - Winner!

Build Orders:  

Get SALT Encoding   

  12  0:00  Probe (Chrono Boost)  
  13  0:21  Pylon  
  13  0:26  Probe (Chrono Boost)  
  14  0:41  Probe (Chrono Boost)  
  15  0:50  Gateway  
  15  0:52  Probe (Chrono Boost), Forge  
  16  1:08  Probe (Chrono Boost)  
  17  1:13  Pylon  
  17  1:16  Pylon  
  17  1:19  Probe (Chrono Boost)  
  18  1:43  Assimilator  
  18  1:44  Probe (Chrono Boost)  
  18  1:46  Photon Cannon  
  19  1:47  Assimilator  
  19  1:54  Cybernetics Core  
  19  1:55  Probe (Chrono Boost)  
  19  2:11  Photon Cannon  
  19  2:21  Zealot  
  21  2:37  Mothership Core (Chrono Boost)  
  23  2:56  Warp Gate (Chrono Boost)  
  23  2:57  Nexus  
  23  3:01  Probe (Chrono Boost)  
  24  3:21  Probe  
  25  3:28  Pylon, Protoss Ground Weapons Level 1 (Chrono Boost)  
  25  3:33  Probe  
  26  3:37  Adept  
  28  3:53  Gateway  
  28  4:06  Gateway  
  28  4:10  Probe x2  
  30  4:20  Probe  
  30  4:22  Probe  
  30  4:23  Stalker  
  34  4:31  Probe  
  34  4:34  Probe  
  36  4:39  Pylon  
  36  4:42  Probe  
  36  4:44  Adept  
  39  4:50  Probe  
  40  5:06  Probe x2  
  41  5:08  Protoss Ground Armor Level 1 (Chrono Boost)  
  41  5:09  Assimilator  
  41  5:11  Assimilator  
  42  5:17  Adept  
  42  5:18  Probe  
  45  5:36  Adept x2, Probe  
  45  5:37  Probe  
  51  5:45  Pylon  
  51  5:49  Twilight Council  
  51  5:51  Pylon  
  51  5:53  Probe  
  52  6:01  Probe  
  53  6:05  Adept x3  
  59  6:41  Adept x3  
  59  7:19  Zealot x3  
  65  7:26  Robotics Facility  
  65  7:29  Probe  
  65  7:30  Probe  
  65  7:31  Pylon, Robotics Facility  
  65  7:36  Pylon  
  67  7:39  Gateway  
  67  7:40  Probe  
  67  7:41  Pylon, Photon Cannon  
  58  7:48  Zealot x2  
  58  7:49  Zealot  
  64  7:52  Probe  
  64  7:54  Probe  
  66  7:59  Protoss Ground Weapons Level 2 (Chrono Boost)  
  66  8:00  Resonating Glaives  
  66  8:12  Adept x3  
  72  8:26  Immortal x2 (Chrono Boost)  
  66  8:53  Probe  
  66  8:54  Probe  
  68  9:05  Immortal x2 (Chrono Boost)  
  68  9:07  Adept x4  
  84  9:21  Probe x2  
  86  9:33  Probe x2  
  88  9:39  Immortal x2 (Chrono Boost)  
  92  10:06  Pylon  
  92  10:11  Protoss Ground Weapons Level 3, Photon Cannon  
  92  10:13  Immortal (Chrono Boost)  
  92  10:14  Immortal (Chrono Boost)  
  100  10:47  Adept x2  
  104  10:51  Immortal x2 (Chrono Boost)  
  108  11:14  Adept  
  110  11:27  Photon Cannon x2  
  110  11:30  Gateway  
  110  11:31  Gateway  
  102  11:45  Adept  
  102  11:46  Adept  
  98  11:49  Immortal x2 (Chrono Boost)  
  98  11:50  Probe x2  
  108  12:06  Nexus  
  108  12:10  Pylon  
  108  12:13  Pylon  
  108  12:19  Assimilator  
  108  12:21  Assimilator  
  104  12:25  Pylon  
  104  12:28  Adept x2  
  92  12:42  Probe x2  
  94  12:50  Gateway  
  94  12:52  Gateway  
  94  12:56  Photon Cannon  
  94  12:58  Photon Cannon  
  94  13:04  Probe x2  
  96  13:12  Pylon  
  96  13:20  Pylon  
  96  13:23  Pylon  
  96  13:25  Pylon  
  100  13:31  Photon Cannon  
Tags
 
Matchup
PvZ
Opening
Pool First
Replay Pack
All Mines
Spawn Locations
Close Positions
Add a new tag
Caveats
  • Supply blocks, unpowered buildings, or Contaminate may cause inaccurate times.
  • Supply counts are checked every 10 seconds.